 Dungeon Crawl Stone Soup version 0.25.0-9-g26727b657a (webtiles) character file.

Game seed: 2955532389359744973

13 Esekla the Grave Robber (level 2, -6/14 HPs)
             Began as a Vine Stalker Necromancer on June 20, 2020.
             Mangled by a worm (10 damage)
             ... on level 1 of the Dungeon.
             The game lasted 00:03:57 (806 turns).

Esekla the Grave Robber (Vine Stalker Necromancer)   Turns: 806, Time: 00:03:58

Health: -6/14      AC:  3    Str: 10    XL:     2   Next: 37%
Magic:  0/6        EV: 12    Int: 15    God:
Gold:   0          SH:  0    Dex: 14    Spells: 4/5 levels left

rFire    . . .     SeeInvis .   d - +0 dagger
rCold    . . .     Gourm    .   (no shield)
rNeg     . . .     Faith    .   a - +0 robe
rPois    .         Spirit   +   (no helmet)
rElec    .         Reflect  .   (no cloak)
rCorr    .         Harm     .   (no gloves)
MR       .....                  e - +0 pair of boots
Stlth    ++........             (no amulet)
HPRegen  0.04/turn              (no ring)
MPRegen  0.10/turn              (no ring)

@: no status effects
A: fangs 2, magic shield, antimagic bite, no potion heal 3, rot immunity
a: no special abilities


You were on level 1 of the Dungeon.
You were not hungry.

You visited 1 branch of the dungeon, and saw 2 of its levels.

Inventory:

Hand Weapons
 d - a +0 dagger (weapon)
Missiles
 f - 29 poisoned darts (quivered)
Armour
 a - a +0 robe (worn)
 e - a +0 pair of boots (worn)
Scrolls
 h - a scroll of blinking {unknown}
 i - a scroll of enchant armour {unknown}
Potions
 b - a potion of stabbing {unknown}
Comestibles
 c - 2 rations


   Skills:
 * Level 0.3 Fighting
 + Level 1.6 Dodging
 + Level 2.4 Stealth
 * Level 2.4 Spellcasting
 + Level 4.3 Necromancy


You had 4 spell levels left.
You knew the following spells:

 Your Spells              Type           Power        Failure   Level  Hunger
a - Pain                  Necr           ##..         3%          1    #......

Your spell library contained the following spells:

 Spells                   Type           Power        Failure   Level  Hunger
 Animate Skeleton         Necr           N/A          3%          1    #......
 Vampiric Draining        Necr           ##........   11%         3    ###....
 Animate Dead             Necr           N/A          36%         4    #####..
 Agony                    Necr           ##......     71%         5    ######.


Dungeon Overview and Level Annotations

Branches:
Dungeon (2/15)

Altars:


Innate Abilities, Weirdness & Mutations

You have extremely sharp teeth.
When hurt, damage is shared between your health and your magic reserves.
Your bite disrupts and absorbs the magic of your enemies.
Potions cannot restore your health.
You are immune to rotting.


Message History

Casting: Pain (safe; 3% risk of failure)
Confirm with . or Enter, or press ? or * to list all spells.
Aiming: Pain (safe; 3% risk of failure)
Press: ? - help, Shift-Dir - straight line, f/p - worm
Aim: a worm (chance to defeat MR: 79%)
The worm writhes in agony.
Casting: Pain (safe; 3% risk of failure)
Confirm with . or Enter, or press ? or * to list all spells.
Aiming: Pain (safe; 3% risk of failure)
Press: ? - help, Shift-Dir - straight line, f/p - worm
Aim: a worm (lightly wounded, chance to defeat MR: 79%)
The worm writhes in agony.
All of the chunks of flesh in your inventory have rotted away.
You barely miss the worm.
The worm is moderately wounded.
You hit the worm.
The worm is heavily wounded.
The worm bites you!
Ouch! That really hurt!
You die...

.......#
#.......#.#.#.#
.......#
#...>...#.#...#
.......#
#.......#.#.###
.......#
#.......#.#.#
.......#
#.......#.#.#
.......#
#.#'##+##.#.#
.......#
#.#.##.##.#.######
########
#w#....##.#.......
#@#######.########
#...........#
#############


You could see a worm.

Vanquished Creatures
  A dart slug (D:1)
  A leopard gecko (D:1)
  2 goblins (D:1)
  A hobgoblin (D:1)
  3 bats (D:1)
  A frilled lizard (D:1)
9 creatures vanquished.

Notes
Turn   | Place    | Note
-------+----------+-------------------------------------------
     0 | D:1      | Esekla the Vine Stalker Necromancer began the quest for the
                  | Orb.
     0 | D:1      | Reached XP level 1. HP: 9/9 MP: 4/4
   366 | D:1      | Reached XP level 2. HP: 7/13 MP: 1/6
   806 | D:1      | Mangled by a worm

Illustrated notes

Levels and vault maps discovered:
D:1:      mainiacjoe_arrival_reflecting_pool, layout_basic, nrook_uturn,
          nrook_loot_triangle, serial_bayou_pond_b
D:2:      layout_loops_ring, serial_bayou_pond_d, uniq_crazy_yiuf_cottage

Action                   || total
-------------------------++-------
Melee: Dagger            ||    15
       Bite              ||     3
 Cast: Pain              ||    16
 Stab: Sleeping          ||     1
Armor: Robe              ||     4
Dodge: Dodged            ||    16
